 Dungeon Crawl Stone Soup version 0.22-a0-274-gf8199ec (webtiles) character file.

129335 Klosterheim the Champion of Chaos (level 17, -3/202 HPs)
             Began as a Formicid Monk on Mar 12, 2018.
             Was the Champion of Makhleb.
             Killed by angry trees
             ... awakened by a spriggan druid
              (9 damage)
             ... on level 3 of the Swamp on Mar 13, 2018.
             The game lasted 01:43:36 (40052 turns).

Klosterheim the Champion of Chaos (Formicid Monk)  Turns: 40052, Time: 01:43:37

Health: -3/202     AC: 28    Str: 25    XL:     17   Next: 61%
Magic:  25/29      EV:  2    Int: 12    God:    Makhleb [******]
Gold:   1365       SH:  8    Dex: 10    Spells: 16/16 levels left

rFire    . . .     SeeInvis .   M - +6 eveningstar of the Moon {crush, rPois rC+}
rCold    + . .     Gourm    .   n - +1 buckler
rNeg     + + +     Faith    .   (armour currently unavailable)
rPois    +         Spirit   .   (helmet unavailable)
rElec    +         Reflect  +   (cloak currently unavailable)
rCorr    .         Harm     .   (gloves currently unavailable)
MR       ++...                  (boots currently unavailable)
Stlth    ++........             j - +3 amulet of reflection
HPRegen  0.43/turn              m - ring of protection from magic
MPRegen  0.21/turn              W - ring of Jiprulots {+Inv rElec Str+4 Dex-3}

@: tree-form, very slow
A: permanent stasis, dig shafts and tunnels, four strong arms
a: Minor Destruction, Lesser Servant of Makhleb, Major Destruction, Greater
Servant of Makhleb, Renounce Religion, Evoke Invisibility


You were on level 3 of the Swamp.
You worshipped Makhleb.
Makhleb was exalted by your worship.
You were not hungry.
You were a tree.
You visited 6 branches of the dungeon, and saw 29 of its levels.
You also visited: Labyrinth.

You collected 2529 gold pieces.
You spent 1164 gold pieces at shops.

Inventory:

Hand Weapons
 k - a +2 dire flail of draining
 M - the +6 eveningstar of the Moon (weapon) {crush, rPois rC+}
   (You took it off a minotaur in a labyrinth)

   It inflicts extra damage upon your enemies.
   It protects you from cold.
   It protects you from poison.
 V - a +0 great mace of electrocution
Missiles
 C - 2 throwing nets (quivered)
Armour
 e - a +4 plate armour (melded)
 g - the +1 robe of Juamec {+Blink rF++}
   (You found it on level 4 of the Dungeon)

   It greatly protects you from fire.
   It lets you blink.
 i - a +2 cloak (melded)
 n - a +1 buckler (worn)
 y - a +0 shield of cold resistance
 G - a scarf of cloud immunity
 H - a +1 pair of gloves of archery (melded)
 O - +0 ice dragon scales
 R - a +1 pair of boots (melded)
 S - a +1 chain mail of magic resistance
Jewellery
 j - a +3 amulet of reflection (around neck)
 m - a ring of protection from magic (left branch)
 x - an uncursed ring of ice
 B - an uncursed ring of poison resistance
 L - the ring of Denle {MR++ Dex-5 SInv Stlth+}
   (You found it on level 5 of the Lair of Beasts)

   [ring of stealth]

   It affects your dexterity (-5).
   It affects your resistance to hostile enchantments.
   It lets you see invisible.
   It makes you more stealthy.
 W - the ring of Jiprulots (right branch) {+Inv rElec Str+4 Dex-3}
   (You bought it in a shop on level 2 of the Orcish Mines)

   [ring of dexterity]

   It affects your strength (+4).
   It affects your dexterity (-3).
   It insulates you from electricity.
   It lets you turn invisible.
Wands
 b - a wand of scattershot (4)
 d - a wand of iceblast (5)
 s - a wand of clouds (2)
 w - a wand of polymorph (45)
 N - a wand of acid (6)
 Q - a wand of flame (17)
Scrolls
 a - 5 scrolls of identify
 o - 4 scrolls of enchant weapon
 p - 5 scrolls of enchant armour
 v - 3 scrolls of fear
 E - 10 scrolls of remove curse
 F - 6 scrolls of amnesia
 K - 5 scrolls of magic mapping
 Y - 2 scrolls of silence
Potions
 f - 6 potions of magic
 h - a potion of ambrosia
 r - 4 potions of might
 t - 9 potions of curing
 u - 6 potions of lignification
 z - 5 potions of flight
 A - 2 potions of brilliance
 D - 6 potions of cancellation
 I - 4 potions of mutation
 Z - a potion of resistance
Miscellaneous
 l - a phial of floods
 q - a phantom mirror
Comestibles
 c - 37 rations
 J - a chunk of flesh


   Skills:
 + Level 12.9 Fighting
 * Level 15.9 Maces & Flails
 + Level 12.5 Armour
 + Level 11.0 Dodging
 - Level 4.0 Stealth
 - Level 4.1 Shields
 * Level 17.5 Invocations


You had 16 spell levels left.
You didn't know any spells.

Dungeon Overview and Level Annotations

Branches:
Dungeon (15/15)            Temple (1/1) D:5            Lair (6/6) D:9
  Swamp (4/4) Lair:3        Snake (0/4) Lair:4        Slime (0/5) Lair:5
    Orc (2/2) D:11            Elf (0/3) Orc:2        Vaults (0/5) D:13
 Depths (1/5) D:15

Altars:
Ashenzari
Cheibriados
Dithmenos
Elyvilon
Fedhas
Gozag
Hepliaklqana
Kikubaaqudgha
Makhleb
Nemelex Xobeh
Okawaru
Qazlal
Ru
Sif Muna
Trog
Uskayaw
Vehumet
Wu Jian
Xom
Yredelemnul
Zin
The Shining One

Shops:
D:6 [   D:11 =(%:   Orc:2 ?(=*!

Annotations:
Lair:5 exclusion: 4 oklob plants


Innate Abilities, Weirdness & Mutations

You cannot be hasted, slowed, berserked, paralysed or teleported.
You can dig through walls and to a lower floor.
Your four strong arms can wield two-handed weapons with a shield.
((You have a pair of large antennae on your head. (SInv)))


Message History

A root lunges up near you.
A tree reaches out and hits your green death!
Your green death barely misses the spriggan druid.
You bludgeon the spriggan!!
You kill the spriggan!
Makhleb accepts your kill.
You hear a splash. x2
You block the spriggan rider's attack.
The spriggan druid hits you with a quarterstaff!
* * * LOW HITPOINT WARNING * * *
You feel better. A tree reaches out and hits you!
* * * LOW HITPOINT WARNING * * *
Your green death is hit by a branch!
Your green death dies!
The spriggan rider hits you but does no damage.
You block the spriggan druid's attack.
A demon appears!
A tree reaches out and hits your neqoxec!
A tree reaches out and hits you!
You die...

.≈≈≈≈≈.≈♣♣♣♣♣≈≈≈.♣
.≈....≈..♣ ♣♣♣≈≈♣
≈.≈...≈.♣♣ ♣≈≈♣
...≈.≈..♣ ♣♣≈♣
♣...≈≈≈.♣ ♣≈♣
♣♣♣♣.≈.≈♣ ♣♣≈♣♣ ♣
♣♣....♣♣ ♣.≈≈♣
♣♣♣.♣.≈..♣ ♣♣≈≈≈♣
♣..≈..≈≈≈♣ ♣.≈♣≈♣
≈≈.≈♣.≈≈≈♣♣ ♣≈i§♣♣
.♣♣...≈≈..♣♣♣♣i3♣♣
♣≈≈≈♣.♣≈≈≈♣.♣♣≈≈♣♣
≈≈≈≈≈♣.≈≈≈..♣♣.≈≈♣
≈≈≈≈≈≈.≈♣≈≈.♣♣♣§≈♣
≈≈≈≈≈♣..≈≈≈≈♣ ♣†≈♣
♣≈≈≈♣..≈≈≈≈≈♣ ♣≈≈♣
≈♣≈♣≈≈≈.≈♣♣≈♣ ♣≈≈♣


You could see a spriggan rider, a spriggan druid and a friendly neqoxec.

Vanquished Creatures
  Saint Roka (Orc:2)
  A frost giant (D:15)
  The ghost of Nib the Fighter, a journeyman MiFi of Okawaru (D:15)
  A dire elephant (Lair:6)
  A minotaur (Lab)
  Snorg (D:14)
  Josephine (D:12)
  15 hydras
  2 ghost crabs
  An ice dragon (D:15)
  A catoblepas (Lair:6)
  Erolcha (D:12)
  4 centaur warriors
  A death knight (D:15)
  6 two-headed ogres
  6 alligators
  A deep troll shaman (Lair:6)
  10 death yaks
  The ghost of braks the Covert, a journeyman KoEn of Kikubaaqudgha (Lair:1)
  A spriggan berserker (Swamp:4)
  5 orc high priests (Orc:2)
  8 spriggans
  4 unseen horrors
  4 swamp dragons
  3 spriggan druids
  A lindwurm (Lair:4)
  4 orc knights (Orc:2)
  A necromancer (D:15)
  2 deep elf magi
  4 cyclopes
  An ugly thing (D:11)
  A manticore (D:15)
  2 black mambas
  10 elephants
  3 naga magi (D:15)
  7 gargoyles
  2 torpor snails (Lair:5)
  19 spiny frogs
  3 rime drakes
  3 komodo dragons
  4 centaur skeletons
  A redback zombie (D:15)
  2 freezing wraiths
  7 trolls
  5 polar bears
  A queen bee (D:9)
  A polar bear (shapeshifter) (D:15)
  A wolf spider simulacrum (D:15)
  32 slime creatures
  6 hornets
  4 tyrant leeches
  12 blink frogs
  6 dream sheep
  11 hippogriffs
  9 bog bodies
  A centaur simulacrum (D:15)
  2 shadows
  3 wyverns
  7 wraiths
  A basilisk (D:9)
  2 water elementals (D:15)
  39 yaks
  A basilisk (shapeshifter) (D:14)
  A steam dragon (D:6)
  25 vampire mosquitoes
  Edmund (D:4)
  6 wargs
  22 swamp worms
  4 nagas (Lair:4)
  An acid dragon (D:15)
  5 insubstantial wisps (Swamp:4)
  37 orc warriors
  6 porcupines
  Duvessa (D:4)
  8 swamp drakes
  13 water moccasins
  An ice beast (D:5)
  2 sky beasts
  A hornet zombie (D:14)
  12 wolves
  14 ogres
  6 necrophages (Swamp:1)
  11 centaurs
  4 phantoms
  3 boggarts (D:15)
  16 crocodiles
  8 big kobolds
  2 gnoll sergeants (D:11)
  12 bullfrogs
  Dowan (D:4)
  2 scorpions
  22 killer bees
  5 wights
  4 electric eels
  3 howler monkeys
  8 crimson imps
  A bullfrog zombie (D:9)
  2 quasits
  6 centaur zombies
  6 hounds
  2 bullfrog skeletons
  3 jellies
  33 orc priests
  An iguana (D:12)
  21 orc wizards
  8 worker ants
  A killer bee zombie (D:7)
  A hound skeleton (D:10)
  A worker ant zombie (D:8)
  5 gnolls (D:11)
  8 adders
  3 shadow imps
  2 worms
  3 dart slugs
  5 leopard geckos
  131 orcs
  2 ball pythons
  7 bats
  6 giant cockroaches
  4 goblins
  8 hobgoblins
  2 jackals (D:2)
  4 quokkas
  5 frilled lizards
  30 kobolds
  A quokka zombie (D:7)
  9 rats
890 creatures vanquished.

Vanquished Creatures (collateral kills)
  A thorn hunter (Swamp:4)
  An ettin (D:15)
  A hydra (Lair:5)
  Harold (D:12)
  A two-headed ogre (D:7)
  A manticore (D:12)
  A komodo dragon (Lair:3)
  A yaktaur (shapeshifter) (D:15)
  A bullfrog (Lair:5)
9 creatures vanquished.

Vanquished Creatures (others)
  A meliai zombie (D:15)
  A centaur (D:14)
  An adder (D:3)
  A shadow imp (D:15)
  2 orcs
  A ball python (D:3)
  A rat (D:3)
  13 fungi
  13 plants
34 creatures vanquished.

Grand Total: 933 creatures vanquished

Notes
Turn   | Place    | Note
-------+----------+-------------------------------------------
     0 | D:1      | Klosterheim the Formicid Monk began the quest for the Orb.
     0 | D:1      | Reached XP level 1. HP: 18/18 MP: 1/1
   216 | D:1      | Reached XP level 2. HP: 23/24 MP: 2/2
   989 | D:2      | Reached XP level 3. HP: 22/29 MP: 3/3
  1471 | D:2      | Found a shimmering altar of Xom.
  1730 | D:3      | Reached XP level 4. HP: 10/37 MP: 4/4
  2331 | D:3      | Found a radiant altar of Vehumet.
  2754 | D:3      | Found an ancient bone altar of Kikubaaqudgha.
  2754 | D:3      | Found a blossoming altar of Fedhas.
  2754 | D:3      | Found an opulent altar of Gozag.
  2832 | D:3      | Found a faded altar of an unknown god.
  3057 | D:3      | Reached skill level 1 in Shields
  3057 | D:3      | Reached XP level 5. HP: 37/42 MP: 5/5
  3543 | D:4      | Noticed Edmund
  3555 | D:4      | HP: 2/42 [Edmund/flail of crushing (1)]
  3581 | D:4      | Killed Edmund
  3581 | D:4      | Reached skill level 1 in Armour
  3581 | D:4      | Reached XP level 6. HP: 22/48 MP: 6/6
  3705 | D:4      | Got a transparent robe
  3706 | D:4      | Identified the +1 robe of Juamec {+Blink rF++} (You found it on level 4 of the Dungeon)
  3835 | D:4      | Noticed an ogre
  3842 | D:4      | Killed an ogre
  3842 | D:4      | Reached XP level 7. HP: 55/55 MP: 7/7
  3913 | D:4      | Noticed Duvessa
  3941 | D:4      | Killed Duvessa
  3958 | D:4      | Noticed Dowan
  3964 | D:4      | Killed Dowan
  3964 | D:4      | Reached skill level 5 in Maces & Flails
  4253 | D:4      | Found a glowing silver altar of Zin.
  4332 | D:4      | Found a deep blue altar of Sif Muna.
  4745 | D:5      | Entered Level 5 of the Dungeon
  4745 | D:5      | Found a staircase to the Ecumenical Temple.
  4760 | Temple   | Entered the Ecumenical Temple
  4830 | Temple   | Became a worshipper of Makhleb the Destroyer
  4830 | Temple   | Reached * piety under Makhleb
  4830 | Temple   | Reached ** piety under Makhleb
  4922 | D:5      | Reached XP level 8. HP: 59/61 MP: 8/8
  5150 | D:5      | Found a shimmering altar of Xom.
  5272 | D:5      | Reached skill level 1 in Invocations
  5316 | D:5      | Reached skill level 5 in Fighting
  5316 | D:5      | Reached skill level 2 in Invocations
  5390 | D:5      | Found an iron altar of Okawaru.
  5553 | D:6      | Found a white marble altar of Elyvilon.
  5686 | D:6      | Reached skill level 3 in Invocations
  5954 | D:6      | Reached XP level 9. HP: 68/68 MP: 11/11
  5997 | D:6      | Found Efiliuq's Antique Armour Shop.
  6000 | D:6      | Bought a glowing chain mail for 202 gold pieces
  6110 | D:6      | Reached skill level 4 in Invocations
  6502 | D:7      | Reached skill level 5 in Invocations
  6841 | D:7      | Reached *** piety under Makhleb
  7073 | D:7      | Reached skill level 5 in Dodging
  7189 | D:7      | Noticed a two-headed ogre
  7401 | D:7      | Found a hazy altar of Hepliaklqana.
  7634 | D:7      | Killed a two-headed ogre
  7634 | D:7      | Reached skill level 5 in Armour
  7634 | D:7      | Reached skill level 6 in Invocations
  7634 | D:7      | Reached XP level 10. HP: 40/77 MP: 14/14
  8041 | D:8      | Noticed a two-headed ogre
  8055 | D:8      | Killed a two-headed ogre
  8055 | D:8      | Reached skill level 7 in Invocations
  8106 | D:8      | Noticed a two-headed ogre
  8123 | D:8      | Killed a two-headed ogre
  8486 | D:8      | Found a glowing golden altar of the Shining One.
  8826 | D:9      | Reached skill level 8 in Invocations
  9389 | D:9      | Reached XP level 11. HP: 73/84 MP: 17/17
  9410 | D:9      | Upgraded the game from 0.22-a0-271-gc000056 to 0.22-a0-274-gf8199ec
  9559 | D:9      | Found a snail-covered altar of Cheibriados.
  9573 | D:9      | Reached **** piety under Makhleb
  9931 | D:9      | Reached skill level 9 in Invocations
 10034 | D:9      | Found a staircase to the Lair.
 10391 | D:10     | Entered Level 10 of the Dungeon
 11456 | D:10     | Reached ***** piety under Makhleb
 11519 | D:11     | Noticed a cyan ugly thing
 11539 | D:11     | Killed a cyan ugly thing
 11539 | D:11     | Reached skill level 10 in Maces & Flails
 11721 | D:11     | Noticed a cyclops
 12068 | D:11     | Reached skill level 10 in Invocations
 12349 | D:10     | Reached XP level 12. HP: 93/93 MP: 19/19
 12518 | Lair:1   | Entered Level 1 of the Lair of Beasts
 13141 | Lair:1   | Identified the Handbook of Unholy Rituals
 13184 | Lair:1   | Noticed braks's ghost (journeyman KoEn)
 13184 | Lair:1   | Noticed an Executioner
 13187 | Lair:1   | You fall through a shaft!
 13400 | Lair:2   | Reached skill level 11 in Invocations
 13624 | Lair:1   | Killed braks's ghost
 15680 | Lair:3   | Reached XP level 13. HP: 101/101 MP: 21/21
 15761 | Lair:3   | HP: 5/101 [poisoned by a spiny frog]
 15766 | Lair:3   | HP: 4/101 [poisoned by a spiny frog]
 15773 | Lair:3   | HP: 3/101 [poisoned by a spiny frog]
 15780 | Lair:3   | HP: 2/101 [poisoned by a spiny frog]
 15788 | Lair:3   | HP: 2/101 [poisoned by a spiny frog]
 16275 | Lair:3   | Found a staircase to the Swamp.
 16837 | Lair:4   | Reached skill level 12 in Invocations
 17049 | Lair:4   | Noticed a five-headed hydra
 17070 | Lair:4   | Killed a five-headed hydra
 18582 | Lair:4   | Noticed a four-headed hydra
 18585 | Lair:4   | Found a staircase to the Snake Pit.
 18620 | Lair:4   | Killed a four-headed hydra
 19006 | Lair:5   | Noticed an eight-headed hydra
 19030 | Lair:5   | Killed an eight-headed hydra
 19403 | Lair:5   | Reached skill level 10 in Fighting
 19817 | Lair:5   | Reached skill level 13 in Invocations
 19832 | Lair:5   | Noticed an eight-headed hydra
 19841 | Lair:5   | Killed an eight-headed hydra
 19850 | Lair:5   | Found an opulent altar of Gozag.
 19907 | Lair:5   | Got an ancient tin ring
 20402 | Lair:5   | Found a staircase to the Slime Pits.
 20767 | Lair:6   | Entered Level 6 of the Lair of Beasts
 20838 | Lair:6   | Reached XP level 14. HP: 110/110 MP: 23/23
 22445 | Lair:6   | Reached skill level 10 in Armour
 22445 | Lair:6   | Reached skill level 14 in Invocations
 23282 | Lair:6   | Noticed a dire elephant
 23300 | Lair:6   | Killed a dire elephant
 23668 | D:11     | Found Lodgheto's Food Boutique.
 23686 | D:11     | Identified the ring of Denle {MR++ Dex-5 SInv Stlth+} (You found it on level 5 of the Lair of Beasts)
 23757 | D:11     | Found Maremi's Weapon Shop.
 23780 | D:11     | Found Tamac's Book Boutique.
 23900 | D:11     | Found Wyxkilut's Jewellery Shop.
 23917 | D:11     | Bought a +3 amulet of reflection for 188 gold pieces
 23917 | D:11     | Bought an uncursed ring of protection from magic for 300 gold pieces
 24210 | D:11     | Found a staircase to the Orcish Mines.
 24394 | Orc:1    | Entered Level 1 of the Orcish Mines
 25340 | Orc:2    | Entered Level 2 of the Orcish Mines
 25441 | Orc:2    | Found Wobbuq's Distillery.
 25491 | Orc:2    | Found a labyrinth entrance.
 25500 | Lab      | Entered a labyrinth
 26380 | Lab      | Noticed a minotaur
 26389 | Lab      | Killed a minotaur
 26392 | Lab      | Got a bloodstained eveningstar {crush}
 26397 | Lab      | Identified the Reference Book on the Destructive Compass
 26500 | Orc:2    | Identified the +6 eveningstar of the Moon {crush, rPois rC+} (You took it off a minotaur in a labyrinth)
 26659 | Orc:2    | Found a staircase to the Elven Halls.
 26672 | Orc:2    | Reached XP level 15. HP: 118/118 MP: 25/25
 26699 | Orc:2    | Noticed Saint Roka
 26734 | Orc:2    | Killed Saint Roka
 27609 | Orc:2    | Reached ****** piety under Makhleb
 27811 | Orc:2    | Reached skill level 15 in Invocations
 28384 | Orc:2    | Found Ciuptirr's General Store.
 28387 | Orc:2    | Found Oplodoh's Weapon Emporium.
 28388 | Orc:2    | Found Jady's Magic Scroll Shoppe.
 28389 | Orc:2    | Found Baypp's Jewellery Shoppe.
 28397 | Orc:2    | Bought a cursed amulet of inaccuracy for 34 gold pieces
 28397 | Orc:2    | Bought the cursed ring of Jiprulots {+Inv rElec Str+4 Dex-3} for 440 gold pieces
 28545 | D:12     | Identified a scroll of acquirement
 28590 | D:12     | Noticed Josephine
 28605 | D:12     | Killed Josephine
 28717 | D:12     | Noticed Harold
 28726 | D:12     | Killed Harold
 28793 | D:12     | Noticed Erolcha
 28799 | D:12     | Killed Erolcha
 29842 | D:13     | Reached skill level 10 in Dodging
 29862 | D:13     | Found a gate to the Vaults.
 30924 | D:14     | Noticed Snorg
 30945 | D:14     | Killed Snorg
 30945 | D:14     | Reached XP level 16. HP: 126/127 MP: 27/27
 31509 | D:14     | Reached skill level 16 in Invocations
 31761 | D:15     | Entered Level 15 of the Dungeon
 31831 | D:15     | Noticed Nib's ghost (journeyman MiFi)
 31860 | D:15     | Killed Nib's ghost
 32177 | D:15     | Found a staircase to the Depths.
 32186 | Depths:1 | Entered Level 1 of the Depths
 33611 | D:15     | Found an opulent altar of Gozag.
 33755 | Depths:1 | Noticed a pearl dragon
 33759 | Depths:1 | Noticed a frost giant
 34228 | D:15     | Killed a frost giant
 34839 | D:15     | Reached skill level 15 in Maces & Flails
 36078 | Swamp:1  | Entered Level 1 of the Swamp
 38052 | Swamp:3  | Reached XP level 17. HP: 127/135 MP: 29/29
 38263 | Swamp:3  | Reached skill level 17 in Invocations
 38820 | Swamp:4  | Entered Level 4 of the Swamp
 39647 | Swamp:4  | Noticed a thorn hunter
 39661 | Swamp:4  | Killed a thorn hunter
 39964 | Swamp:4  | Noticed a thorn hunter
 40050 | Swamp:3  | HP: 6/202 [spriggan druid/quarterstaff (7)]
 40052 | Swamp:3  | Killed from afar by a spriggan druid

Vault maps used:
D:1:      dpeg_chamrin_arrival_tetris
D:2:      nicolae_overflow_hidden_temple
D:3:      gammafunk_temple_overflow_forgotten, fiery_altar_vehumet,
          chequers_ecumenical_altar_twisty
D:4:      zin_scriptorium, marbit_many_paths, roderic_cross_of_infinity,
          uniq_edmund, uniq_duvessa
D:5:      kennysheep_mini_moat, minmay_temple_entry_statues_pillars,
          first_ration, xom_teletrap_fun
D:6:      kennysheep_little_box, serial_shops, nicolae_shop_behind_doors,
          st_stairs_11
D:7:      lemuel_doored_altar, serial_bayou_lake_a
D:8:      minmay_bloctagon, lemuel_round_altar
D:9:      cheibrodos_worm_habitat, david_lair_generic, special_room,
          david_nohive_1, minivault_14
D:11:     cheibrodos_statue_roulette, kennysheep_orc_monster_closet_entryway,
          serial_shops, shop, shop, nicolae_shop_statue_plus, kennysheep_mini,
          nicolae_two_hexagons
D:12:     serial_glass, glass_columns_a, glass_columns_b, uniq_erolcha,
          uniq_harold, uniq_josephine
D:13:     david_vaults_4
D:14:     palyth_stone_intersect, uniq_snorg
D:15:     grunt_enter_depths_magical_seal, nicolae_gozag_seed_capital
Temple:   cyrus_temple_forest
Lair:2:   ldierk_geyser, serial_bayou_shore_a, serial_bayou_shore_b
Lair:3:   swamp_mist
Lair:4:   minmay_snake_entry_guardpost_medium
Lair:5:   minmay_slime_entry_oklob_enclosed, basic_altar, nzn_random_ring
Lair:6:   grunt_lair_end_beastmaster, infiniplex_staircase_pool
Swamp:1:  evilmike_swamp_ruin_house_1, roderic_carrion_pond
Swamp:2:  serial_swamp_ruin, hangedman_swamp_ruin_wall,
          evilmike_swamp_ruin_house_2, swamp_pool1
Swamp:3:  cheibrodos_swamp_heart_of_darkness, hangedman_swamp_diagram,
          swamp_pool2
Swamp:4:  swamp_basic_johnstein
Orc:2:    st_orc_pillars, serial_shops, shop, lab_entry_generic, uniq_saint_roka
Depths:1: abyss_entry, grunt_mini_vestibule, hallowed_hall
Lab:      nicolae_lab_dead_adventurers

Skill      XL: |  1  2  3  4  5  6  7  8  9 10 11 12 13 14 15 16 17 |
---------------+----------------------------------------------------+-----
Stealth        | 3 4 |  4.0
Dodging        | 3 4 5 6 7 8 9 10 11 | 11.0
Maces & Flails | 4 5 6 7 9 10 11 12 13 14 15 | 15.9
Shields        | 1 2 3 4 |  4.1
Fighting       | 4 5 6 7 8 9 10 11 12 | 12.9
Armour         | 1 2 3 5 6 7 8 9 10 11 12 | 12.5
Invocations    | 3 6 8 10 11 13 14 15 16 17 | 17.5

Action                   |  1- 3 |  4- 6 |  7- 9 | 10-12 | 13-15 | 16-18 || total
-------------------------+-------+-------+-------+-------+-------+-------++-------
Melee: Mace              |    96 |    45 |       |       |       |       ||   141
       Flail             |       |    97 |   236 |   671 |   941 |       ||  1945
       Eveningstar       |       |       |       |       |   601 |   963 ||  1564
Invok: Minor Destruction |       |       |    18 |    72 |    19 |    48 ||   157
       Lesser Servant of |       |       |     1 |     3 |     7 |     3 ||    14
       Major Destruction |       |       |       |     4 |     9 |       ||    13
       Greater Servant o |       |       |       |     1 |       |     2 ||     3
 Abil: Dig               |       |       |     3 |    12 |    68 |     6 ||    89
       Shaft Self        |       |       |       |     1 |       |       ||     1
Evoke: Wand              |       |       |     4 |       |       |       ||     4
       Phial of floods   |       |       |       |     1 |       |       ||     1
  Use: Scroll            |     1 |     7 |     4 |    11 |    13 |     3 ||    39
       Potion            |       |     4 |     3 |     1 |     6 |     3 ||    17
 Stab: Sleeping          |     6 |     3 |       |     2 |     2 |       ||    13
       Distracted        |       |       |       |     2 |       |       ||     2
  Eat: Chunk             |     2 |     7 |    13 |    24 |    39 |    18 ||   103
       Ration            |       |       |       |     1 |     5 |     4 ||    10
Armor: Robe              |    22 |       |       |       |       |       ||    22
       Ring mail         |       |    25 |       |       |       |       ||    25
       Chain mail        |       |    28 |   120 |   303 |   416 |       ||   867
       Plate armour      |       |       |       |       |   122 |   499 ||   621
       Skin              |       |       |       |       |       |     4 ||     4
Dodge: Dodged            |    88 |    61 |   100 |   263 |   628 |   354 ||  1494
Block: Buckler           |       |    15 |    59 |   148 |   464 |   351 ||  1037
       Reflection        |       |       |       |       |    16 |    19 ||    35

Table legend:
 A = Spawn XP
 B = Non-spawn XP
 C = Spawn XP percentage of total XP
 D = Spawn monster count
 E = Non-spawn monster count
 F = Spawn count percentage of total count
 G = Total turns spent on level
                    A         B        C        D         E        F      G
               +---------+---------+-------+---------+---------+-------+---------
         Total |       0 |  184765 |   0.0 |       0 |     903 |   0.0 | 40052
               +---------+---------+-------+---------+---------+-------+---------
           D:1 |       0 |      24 |   0.0 |       0 |      17 |   0.0 |   897
           D:2 |       0 |      37 |   0.0 |       0 |      12 |   0.0 |  1092
           D:3 |       0 |     191 |   0.0 |       0 |      28 |   0.0 |  1468
           D:4 |       0 |     740 |   0.0 |       0 |      17 |   0.0 |  1288
           D:5 |       0 |     451 |   0.0 |       0 |      14 |   0.0 |   689
           D:6 |       0 |    1019 |   0.0 |       0 |      18 |   0.0 |  1132
           D:7 |       0 |    1828 |   0.0 |       0 |      26 |   0.0 |  1139
           D:8 |       0 |    2509 |   0.0 |       0 |      25 |   0.0 |  1002
           D:9 |       0 |    3965 |   0.0 |       0 |      62 |   0.0 |  1633
          D:10 |       0 |    4009 |   0.0 |       0 |      28 |   0.0 |  1972
          D:11 |       0 |    5454 |   0.0 |       0 |      63 |   0.0 |  1529
          D:12 |       0 |    9521 |   0.0 |       0 |      49 |   0.0 |   967
          D:13 |       0 |    7552 |   0.0 |       0 |      27 |   0.0 |  1330
          D:14 |       0 |   10438 |   0.0 |       0 |      45 |   0.0 |   972
          D:15 |       0 |   18245 |   0.0 |       0 |      44 |   0.0 |  4069
        Lair:1 |       0 |    5310 |   0.0 |       0 |      22 |   0.0 |  1214
        Lair:2 |       0 |    2085 |   0.0 |       0 |      10 |   0.0 |  1151
        Lair:3 |       0 |    6369 |   0.0 |       0 |      22 |   0.0 |  2535
        Lair:4 |       0 |    8377 |   0.0 |       0 |      27 |   0.0 |  1834
        Lair:5 |       0 |    9945 |   0.0 |       0 |      30 |   0.0 |  2290
        Lair:6 |       0 |   16717 |   0.0 |       0 |      46 |   0.0 |  2086
       Swamp:1 |       0 |    6048 |   0.0 |       0 |      22 |   0.0 |   644
       Swamp:2 |       0 |    7945 |   0.0 |       0 |      29 |   0.0 |  1058
       Swamp:3 |       0 |   16204 |   0.0 |       0 |      47 |   0.0 |  1136
       Swamp:4 |       0 |   20438 |   0.0 |       0 |      48 |   0.0 |  1136
         Orc:1 |       0 |    1247 |   0.0 |       0 |      15 |   0.0 |   468
         Orc:2 |       0 |   16889 |   0.0 |       0 |     109 |   0.0 |  2249
           Lab |       0 |    1208 |   0.0 |       0 |       1 |   0.0 |   908
               +---------+---------+-------+---------+---------+-------+---------
